 Dungeon Crawl Stone Soup version 0.15.0-27-gbdb0435 (console) character file.

41353 gw the Basher (level 13, -5/116 (122) HPs)
             Began as a Deep Dwarf Gladiator on Sept 12, 2014.
             Was the Champion of Makhleb.
             Killed from afar by an oklob plant (11 damage)
             ... with a splash of acid
             ... on Level 7 of the Lair of Beasts.
             The game lasted 00:27:08 (17072 turns).

gw the Basher (Deep Dwarf Gladiator)               Turns: 17072, Time: 00:27:09

HP  -5/116 (122) AC -17    Str 20      XL: 13   Next: 79%
MP  10/10        EV  6     Int  7 (9)  God: Makhleb [******]
Gold 0           SH  0     Dex 15 (17) Spells:  0 memorised, 12 levels left

rFire  + . .     SeeInvis .     a - +5 dire flail (protect)
rCold  + . .     Clarity  .     w - +5 plate armour
rNeg   . . .     rCorr    .     (no shield)
rPois  .         rRot     .     c - +2 helmet
rElec  +         Spirit   .     t - +0 cloak
SustAb .         Warding  .     (no gloves)
rMut   .         Stasis   .     q - +1 pair of boots of the Queen {rElec MR+ Stlth++}
Gourm  .                        (no amulet)
MR     ++...                    u - ring of protection from fire
                                o - ring of protection from cold

@: corroded equipment, non-regenerating, very resistant to hostile enchantments,
extremely unstealthy
A: damage resistance, recharge devices, sense surroundings 2, slow healing 3
a: Device Recharging, Minor Destruction, Lesser Servant of Makhleb, Major
Destruction, Greater Servant of Makhleb, Renounce Religion


You were on level 7 of the Lair of Beasts.
You worshipped Makhleb.
Makhleb was exalted by your worship.
You were very hungry.

You visited 3 branches of the dungeon, and saw 19 of its levels.
You also visited: Sewer and Bailey.

Inventory:

Hand weapons
 a - a +5 dire flail of protection (weapon)
 b - a +0 arbalest of flaming
Missiles
 d - 4 throwing nets
 v - 11 bolts
 y - 11 bolts of penetration
Armour
 c - a +2 helmet (worn)
 q - the +1 pair of boots of the Queen (worn) {rElec MR+ Stlth++}
   (You found it on level 2 of the Lair of Beasts)

   It insulates you from electricity.
   It affects your resistance to hostile enchantments.
   It makes you much more stealthy.
 t - a +0 cloak (worn)
 w - a +5 plate armour (worn)
Magical devices
 e - a wand of heal wounds (3)
 k - a wand of random effects (12)
 r - a wand of fireball (9) {unknown}
 s - a wand of confusion (14)
 C - a wand of lightning (0)
 D - a wand of paralysis (14)
Comestibles
 f - 20 bread rations
 h - 10 meat rations
 j - 2 slices of pizza
 m - 53 fruits
 z - a royal jelly
 A - 7 beef jerkies
Scrolls
 g - a scroll of teleportation
 i - 13 scrolls of identify
 p - 4 scrolls of remove curse
 x - 2 scrolls of vulnerability
 E - a scroll of silence {unknown}
Jewellery
 o - a ring of protection from cold (left hand)
 u - a ring of protection from fire (right hand)
Potions
 l - 9 potions of curing
 B - a potion of restore abilities
 F - a potion of haste
 H - a potion of lignification


   Skills:
 + Level 9.6 Fighting
 * Level 14.3 Maces & Flails
 + Level 10.0 Crossbows
 - Level 1.7 Throwing
 + Level 11.0 Armour
 - Level 3.2 Dodging
 + Level 12.2 Invocations


You had 12 spell levels left.
You didn't know any spells.

Dungeon Overview and Level Annotations

Branches:
Dungeon (11/15)            Temple (1/1) D:4            Lair (7/8) D:8
 Shoals (0/5) Lair:6        Snake (0/5) Lair:4        Slime (0/6) Lair:6
    Orc: D:9-12

Altars:
Ashenzari
Cheibriados
Dithmenos
Elyvilon
Fedhas
Kikubaaqudgha
Makhleb
Nemelex Xobeh
Okawaru
Qazlal
Sif Muna
Trog
Vehumet
Xom
Yredelemnul
Zin
The Shining One
Jiyva

Shops:
D:5 *   D:8 !

Annotations:
D:5 exclusion: downstairs
D:6 Eustachio
Lair:6 exclusion: downstairs


Innate Abilities, Weirdness & Mutations

You are resistant to damage.
You can recharge devices by infusing magical energy.
You passively map the area around you.
You do not heal naturally.


Message History

Your unstable footing causes you to fumble your attack.
ATTACK MOVE TO (0,-1)
Your unstable footing causes you to fumble your attack.
The oklob plant spits acid at you. The splash of acid hits you!
The acid burns!
ATTACK MOVE TO (0,-1)
You hit the oklob plant.
The oklob plant is severely damaged.
The oklob plant spits acid at you. The splash of acid hits you!
The acid burns!
The oklob plant spits acid at you. The splash of acid hits you!
The acid corrodes your equipment!
The acid burns!
Use which ability? (? or * to list) Charge which item? (? for menu, Esc to quit)
Choose an item to recharge, or Esc to abort.
Charge which item? (? for menu, Esc to quit)
Your wand of heal wounds (0) glows for a moment and now has 3 charges.
The oklob plant spits acid at you. The splash of acid hits you!
You die...

.................................
.................................
.................................
.................................
P........#..................###..
P..######...................#.P..
...#####.#...##########.....#.P..
....#P....+..# #P..P$.#.....#....
.........P#..# #g~.~~~#....#.....
........PP...# #~....~#.....#....
.....#.#PPP..###......#.....##...
.....#.####..#".......#......###.
......+..P...#|.......'......###.
.............#[(......#......PP#P
.............###......#..........
.............# #~....~#..........
.............# #~~.~~~#..........


You could see 2 oklob plants.

Table legend:
 A = Turns spent in this place as a percentage of turns spent in the entire game.
 B = Non-inter-level travel turns spent in this place as a percentage of non-inter-level travel turns spent in the entire game.
 C = Inter-level travel turns spent in this place as a percentage of turns spent in this place.
 D = Turns resting spent in this place as a percentage of non-inter-level travel turns spent in this place.
 E = Turns spent auto-exploring this place as a percentage of non-inter-level travel turns spent in this place.
 F = Non-inter-level travel turns spent in this place divided by the number of levels of this place that you've seen.
                   A       B       C       D       E      F
               +-------+-------+-------+-------+-------+----------------------
         Total | 100.0 | 100.0 |   8.2 |   0.1 |   8.3 | 594.9
       Dungeon |  55.1 |  51.6 |  14.2 |   0.1 |   9.7 | 585.5
        Temple |   0.5 |   0.5 |   2.9 |   0.0 |  15.2 |  66.0
          Lair |  24.3 |  26.1 |   1.7 |   0.4 |  10.5 | 465.3
         Sewer |  10.9 |  11.8 |   0.0 |   0.0 |   2.2 | 1480.0
        Bailey |   9.2 |  10.0 |   0.0 |   0.0 |   1.7 | 1248.0
               +-------+-------+-------+-------+-------+----------------------

Table legend:
 A = Kills in this place as a percentage of kills in entire the game.
 B = Kills by you in this place as a percentage of kills by you in the entire game.
 C = Kills by friends in this place as a percentage of kills by friends in the entire game.
 D = Other kills in this place as a percentage of other kills in the entire game.
 E = Experience gained in this place as a percentage of experience gained in the entire game.
 F = Experience gained in this place divided by the number of levels of this place that you have seen.
                   A       B       C       D       E      F
               +-------+-------+-------+-------+-------+----------------------
         Total | 100.0 | 100.0 | 100.0 |  -nan | 100.0 | 2813.1
       Dungeon |  62.5 |  62.8 |  60.8 |  -nan |  34.9 | 1872.0
          Lair |  31.3 |  30.2 |  39.2 |  -nan |  60.4 | 5093.3
         Sewer |   4.5 |   5.2 |   0.0 |  -nan |   0.4 | 252.0
        Bailey |   1.6 |   1.9 |   0.0 |  -nan |   4.4 | 2579.0
               +-------+-------+-------+-------+-------+----------------------

Vanquished Creatures
  Rupert (Lair:6)
  Maud (Lair:4)
  4 hydras
  3 death yaks
  A deep elf knight (Bailey)
  2 unseen horrors
  Pikel (D:6)
  2 orc knights (D:11)
  An orc sorcerer (D:11)
  An ugly thing (D:11)
  5 elephants (Lair:6)
  The ghost of DrPain the Slicer, an experienced SpAs (D:6)
  An oklob plant (Lair:7)
  A centaur zombie (D:11)
  2 black mambas
  A gargoyle (D:10)
  10 spiny frogs
  A centaur skeleton (D:10)
  4 komodo dragons
  2 fire drakes
  2 deep elf priests (Bailey)
  A two-headed ogre (D:11)
  2 polar bears
  A hydra skeleton (D:8)
  A troll (D:9)
  A basilisk (Lair:5)
  6 blink frogs (Lair:2)
  A spriggan (Lair:4)
  13 yaks
  A ynoxinul (D:11)
  2 deep elf magi
  2 hippogriffs
  2 wolves (Lair:2)
  6 deep elf fighters (Bailey)
  Edmund (D:5)
  7 water moccasins
  10 wargs (D:11)
  2 black bears
  5 orc warriors
  4 slaves (D:6)
  A yellow wasp (Lair:4)
  13 porcupines
  11 crocodiles
  2 sky beasts
  5 ogres
  4 necrophages
  2 phantoms
  9 centaurs
  An ice beast (D:8)
  3 big kobolds
  12 giant frogs
  2 cyclops skeletons (D:10)
  2 scorpions (D:5)
  9 wights
  11 killer bees
  A hippogriff skeleton (D:5)
  An electric eel (D:7)
  4 crimson imps
  2 giant frog zombies
  A goliath beetle (D:7)
  7 hounds
  6 jellies
  2 gnoll shamans (D:10)
  8 orc priests
  7 iguanas
  A quasit (D:6)
  4 orc wizards
  11 worker ants
  6 sheep
  A hound skeleton (D:6)
  A mummy (D:10)
  5 gnolls
  A worker ant zombie (D:5)
  24 adders
  4 giant mites
  28 green rats
  5 shadow imps
  A white imp (D:6)
  8 worms
  An adder zombie (D:5)
  7 giant geckos
  8 oozes
  68 orcs
  5 ball pythons
  15 bats
  6 giant cockroaches
  9 goblins
  14 hobgoblins
  9 jackals
  28 kobolds
  8 quokkas
  5 giant newts
  A giant spore (D:8)
  4 orc skeletons
  An orc zombie (D:8)
  27 rats
  A rat zombie (D:8)
  A fungus (Lair:2)
559 creatures vanquished.

Vanquished Creatures (collateral kills)
  A balrug (Lair:6)
  The ghost of mrpyro the Carver, a powerful VSBe of Trog (D:10)
  An unseen horror (D:11)
  A hill giant (D:11)
  An oklob plant (Lair:7)
  4 elephants (Lair:6)
  A hellwing (D:10)
  3 blink frogs (Lair:2)
  7 yaks
  A neqoxec (D:11)
  2 deep elf magi (D:11)
  2 wolves (Lair:2)
  3 wargs (D:11)
  2 water moccasins
  A porcupine (Lair:6)
  A sky beast (D:11)
  7 orc warriors
  4 ogres (D:10)
  A centaur (D:10)
  2 giant frogs
  A troll zombie (D:11)
  2 wights (D:7)
  5 killer bees
  3 electric eels
  A quasit (D:7)
  An elf zombie (D:7)
  An orc priest (D:10)
  A gnoll shaman (D:10)
  5 sheep
  An iguana (Lair:2)
  2 orc wizards
  7 gnolls (D:10)
  2 adders
  3 orcs
  A quokka (Lair:3)
  3 plants (D:10)
85 creatures vanquished.

Vanquished Creatures (others)
  A blizzard demon (D:11)
  An orange demon (Lair:2)
  2 smoke demons
  2 neqoxecs
  3 ynoxinuls
  A crimson imp (D:11)
  A quasit (D:11)
  3 ufetubi
  10 fungi
  A plant (Lair:6)
25 creatures vanquished.

Grand Total: 669 creatures vanquished

Notes
Turn   | Place    | Note
--------------------------------------------------------------
     0 | D:1      | gw, the Deep Dwarf Gladiator, began the quest for the Orb.
     0 | D:1      | Reached XP level 1. HP: 19/19 MP: 1/1
   213 | D:1      | Reached XP level 2. HP: 19/26 MP: 2/2
  1015 | D:2      | Reached XP level 3. HP: 32/32 MP: 3/3
  1151 | D:2      | Reached skill level 1 in Armour
  1280 | D:2      | Reached skill level 4 in Maces & Flails
  1493 | D:3      | Reached XP level 4. HP: 37/40 MP: 4/4
  1500 | D:3      | Found a radiant altar of Vehumet.
  1649 | D:3      | Found an ancient bone altar of Kikubaaqudgha.
  2082 | D:4      | Reached XP level 5. HP: 33/46 MP: 5/5
  2286 | D:4      | Found a staircase to the Ecumenical Temple.
  2296 | Temple   | Entered the Ecumenical Temple
  2347 | Temple   | Became a worshipper of Makhleb the Destroyer
  2740 | D:4      | Reached skill level 5 in Maces & Flails
  2882 | D:5      | Entered Level 5 of the Dungeon
  2947 | D:5      | Reached skill level 1 in Invocations
  2947 | D:5      | Reached XP level 6. HP: 50/56 MP: 6/6
  2997 | D:5      | Noticed Edmund
  3021 | D:5      | Killed Edmund
  3105 | D:5      | Reached XP level 7. HP: 34/62 MP: 9/9
  3189 | D:5      | Acquired Makhleb's first power
  3230 | D:5      | Found Banlyj's General Store.
  3343 | D:5      | Noticed a centaur
  3358 | D:5      | Killed a centaur
  3358 | D:5      | Reached skill level 6 in Maces & Flails
  4060 | D:6      | Acquired Makhleb's second power
  4078 | D:6      | Found a shimmering altar of Xom.
  4134 | D:6      | Noticed Eustachio
  4136 | D:6      | Noticed Pikel
  4257 | D:6      | Noticed DrPain's ghost (experienced SpAs)
  4314 | D:6      | Killed DrPain's ghost
  4314 | D:6      | Reached skill level 7 in Maces & Flails
  4314 | D:6      | Reached skill level 1 in Crossbows
  4314 | D:6      | Reached skill level 5 in Armour
  4314 | D:6      | Reached XP level 8. HP: 45/73 MP: 10/12
  4421 | D:6      | Killed Pikel
  4581 | D:6      | Found a glowing drain.
  4588 | Sewer    | Entered a sewer
  4812 | Sewer    | Reached skill level 8 in Maces & Flails
  4933 | Sewer    | Acquired Makhleb's third power
  5068 | Sewer    | Reached skill level 5 in Fighting
  5068 | Sewer    | Reached skill level 5 in Invocations
  5068 | Sewer    | Gained mutation: You passively map the area around you. [level up]
  5068 | Sewer    | Reached XP level 9. HP: 36/81 MP: 14/14
  5308 | D:7      | Found a stormy altar of Qazlal.
  5574 | D:7      | Acquired Makhleb's fourth power
  6162 | D:8      | Reached skill level 9 in Maces & Flails
  6238 | D:8      | Found Ituudi's Distillery.
  6393 | D:8      | Found a shadowy altar of Dithmenos.
  6402 | D:8      | Found a staircase to the Lair.
  7122 | D:9      | Reached XP level 10. HP: 82/87 MP: 13/15
  7198 | D:9      | Reached skill level 5 in Crossbows
  7231 | D:9      | Acquired Makhleb's fifth power
  8079 | D:10     | Entered Level 10 of the Dungeon
  8089 | D:10     | Reached skill level 10 in Maces & Flails
  8458 | D:10     | Noticed mrpyro's ghost (powerful VSBe)
  8469 | D:10     | Killed mrpyro's ghost
  8886 | D:10     | Killed an unseen horror
  8886 | D:10     | Reached XP level 11. HP: 60/93 MP: 15/15
  9288 | D:10     | Identified a scroll of acquirement
  9443 | D:11     | Reached skill level 11 in Maces & Flails
  9461 | D:11     | Found a flagged portal.
  9467 | Bailey   | Entered a bailey
  9634 | Bailey   | Noticed a deep elf knight
  9640 | Bailey   | Killed a deep elf knight
  9896 | D:11     | Killed an unseen horror
  9996 | D:11     | Killed an unseen horror
 10480 | D:11     | Noticed a hill giant
 10487 | D:11     | Noticed a blizzard demon
 10725 | D:11     | Killed a hill giant
 10845 | D:11     | Reached skill level 12 in Maces & Flails
 10892 | D:11     | Paralysed by an orc sorcerer for 4 turns
 10992 | D:11     | Reached XP level 12. HP: 53/104 MP: 9/9
 11310 | D:11     | Reached skill level 10 in Invocations
 11652 | Lair:1   | Entered Level 1 of the Lair of Beasts
 12426 | Lair:2   | Got a pair of bloodstained boots
 12432 | Lair:2   | Identified the +1 pair of boots of the Queen {rElec MR+ Stlth++} (You found it on level 2 of the Lair of Beasts)
 12487 | Lair:2   | Noticed a five-headed hydra
 13289 | Lair:2   | Killed a five-headed hydra
 13304 | Lair:2   | Reached skill level 13 in Maces & Flails
 13471 | Lair:3   | Noticed a six-headed hydra
 13488 | Lair:3   | Killed a six-headed hydra
 13488 | Lair:3   | Reached skill level 10 in Armour
 14451 | Lair:4   | Noticed Maud
 14478 | Lair:4   | Killed Maud
 14478 | Lair:4   | Reached XP level 13. HP: 64/114 MP: 11/11
 14675 | Lair:4   | Found a staircase to the Snake Pit.
 15725 | Lair:6   | Found a staircase to the Shoals.
 15787 | Lair:6   | Noticed Rupert
 15831 | Lair:6   | Noticed a balrug
 15841 | Lair:6   | Killed a balrug
 16126 | Lair:6   | Found a viscous altar of Jiyva.
 16129 | Lair:6   | Found a staircase to the Slime Pits.
 16181 | Lair:6   | Killed Rupert
 16181 | Lair:6   | Reached skill level 14 in Maces & Flails
 17014 | Lair:7   | Reached skill level 10 in Crossbows
 17029 | Lair:7   | HP: 3/116 [acid (7)]
 17072 | Lair:7   | Killed from afar by an oklob plant

Action                   |  1- 3 |  4- 6 |  7- 9 | 10-12 | 13-15 || total
-------------------------+-------+-------+-------+-------+-------++-------
Melee: Flail             |   145 |   245 |   265 |       |       ||   655
       Morningstar       |       |       |   322 |   230 |       ||   552
       Dire flail        |       |       |       |   641 |   256 ||   897
 Fire: Arbalest          |       |       |       |   139 |    70 ||   209
Invok: Minor Destruction |       |       |   144 |   155 |    79 ||   378
       Lesser Servant of |       |       |     2 |    13 |     4 ||    19
       Greater Servant o |       |       |       |     7 |     3 ||    10
 Abil: Device Recharging |       |       |     5 |    11 |     2 ||    18
Evoke: Wand              |       |     3 |    26 |    49 |    19 ||    97
  Use: Potion            |     9 |     2 |     3 |     8 |     3 ||    25
       Scroll            |     3 |     2 |    12 |    18 |     7 ||    42
 Stab: Distracted        |       |       |     1 |     3 |     1 ||     5
  Eat: Chunk             |     3 |     6 |     9 |    29 |    10 ||    57
       Bread ration      |       |       |     2 |     1 |       ||     3

Vault maps used:
D:1:      dpeg_arrival_sounds_slurp
D:3:      vehumet_altar_wand_db, kiku_gazebo_pond_becter, serial_bayou_lagoon_a
D:4:      minmay_temple_entry_glass
D:5:      serial_shops, nicolae_shop_trees, first_bread, uniq_edmund
D:6:      lemuel_doored_altar, lightli_sewer_entry_pipes, nrook_uturn,
          kennysheep_potato, uniq_eustachio, uniq_pikel
D:7:      statuecave_lemuel, grunt_qazlal_clouds, minmay_misc_feat_diagonals
D:8:      grunt_dithmenos_smoke, lair_0_dummy, serial_shops, shop
D:9:      wad_crossroads
D:10:     kennysheep_seaside_town
D:11:     lemuel_castle_with_subvaults, enter_bailey_2, grunt_ogre_cave
Temple:   eino_temple_water_12
Lair:1:   small_statue_intersection
Lair:2:   serial_bayou_shore_a, grunt_megastairs_3, lemuel_fruit_tree
Lair:4:   dummy_snake_entry, grunt_forest_large_clearings, uniq_maud
Lair:6:   minmay_shoals_entry_centaurs, slime_altar_1, grunt_megastairs_2,
          uniq_rupert
Lair:7:   dpeg_oklob_gauntlet, lemuel_fruit_fields
Sewer:    sewer_co_tree
Bailey:   bailey_polearm_3, bailey
